 Dungeon Crawl Stone Soup version 0.25.0-26-g0c896c7088 (webtiles) character file.

Game seed: 5700407572367333467

16587 Exodus22XD the Cleaver (level 12, -3/106 HPs)
             Began as a Deep Dwarf Fighter on July 4, 2020.
             Was a High Priest of Makhleb.
             Slain by a spiny frog (13 damage)
             ... on level 1 of the Lair of Beasts.
             The game lasted 00:27:05 (10108 turns).

Exodus22XD the Cleaver (Deep Dwarf Fighter)        Turns: 10108, Time: 00:27:06

Health: -3/106     AC: 10    Str: 25    XL:     12   Next: 11%
Magic:  9/9        EV: 13    Int:  9    God:    Makhleb [*****.]
Gold:   1064       SH: 12    Dex: 12    Spells: 11/11 levels left

rFire    . . .     SeeInvis +   a - +0 war axe
rCold    . . .     Gourm    .   c - +0 kite shield
rNeg     . . .     Faith    .   O - +0 ring mail (curse)
rPois    .         Spirit   .   e - +0 helmet
rElec    .         Reflect  .   G - +0 cloak
rCorr    .         Harm     .   q - +0 pair of gloves
MR       ++...                  (no boots)
Stlth    +.........             L - amulet of the acrobat
HPRegen  0.00/turn              x - ring of protection from magic
MPRegen  0.11/turn              Q - ring of see invisible

@: lethally poisoned (-3 -> -3), non-regenerating
A: damage resistance, heal wounds, sense surroundings 2, no regeneration
a: Heal Wounds, Minor Destruction, Lesser Servant of Makhleb, Major Destruction,
Greater Servant of Makhleb, Renounce Religion


You were on level 1 of the Lair of Beasts.
You worshipped Makhleb.
Makhleb was extremely pleased with you.
You were not hungry.

You visited 2 branches of the dungeon, and saw 14 of its levels.

You collected 1064 gold pieces.

Inventory:

Hand Weapons
 a - a +0 war axe (weapon)
 N - a +0 hand axe
 R - a +0 broad axe
Armour
 b - a +0 scale mail
 c - a +0 kite shield (worn)
 e - a +0 helmet (worn)
 q - a +0 pair of gloves (worn)
 B - a +0 chain mail
 G - a +0 cloak (worn)
 M - a +0 ring mail of fire resistance
 O - a cursed +0 ring mail (worn)
Jewellery
 k - an uncursed ring of resist corrosion
 x - a ring of protection from magic (left hand)
 A - an uncursed ring of fire
 F - an uncursed ring of positive energy
 L - an amulet of the acrobat (around neck)
 Q - a ring of see invisible (right hand)
 W - an uncursed ring of ice {unknown}
Wands
 l - a wand of disintegration (21)
 v - a wand of enslavement (2)
 H - a wand of acid (24)
 J - a wand of flame (6)
Scrolls
 g - 3 scrolls of fear
 m - 5 scrolls of immolation
 n - 7 scrolls of amnesia
 s - 8 scrolls of teleportation
 u - 2 scrolls of enchant weapon
 w - 2 scrolls of holy word
 y - 2 scrolls of fog
 z - a scroll of summoning
 C - 6 scrolls of remove curse
 E - 3 scrolls of enchant armour {unknown}
 I - 3 scrolls of torment
 U - 3 scrolls of identify
Potions
 d - 2 potions of might
 h - 9 potions of curing
 j - a potion of brilliance {unknown}
 o - 3 potions of lignification {unknown}
 p - 3 potions of haste {unknown}
 r - a potion of berserk rage {unknown}
 t - 2 potions of magic {unknown}
 D - a potion of mutation {unknown}
 P - a potion of invisibility {unknown}
 S - a potion of stabbing {unknown}
 T - a potion of heal wounds
Miscellaneous
 i - a phial of floods
 K - a box of beasts
Comestibles
 f - 24 rations


   Skills:
 + Level 6.9 Fighting
 + Level 12.0 Axes
 + Level 7.9 Armour
 + Level 5.5 Dodging
 + Level 9.9 Shields
 * Level 9.2 Invocations
 * Level 8.1 Evocations


You had 11 spell levels left.
You didn't know any spells.
Your spell library contained the following spells:

 Spells                   Type           Power        Failure   Level  Hunger
 Corona                   Hex            #......      75%         1    ##.....
 Infusion                 Chrm           #...         75%         1    ##.....
 Magic Dart               Conj           #...         75%         1    ##.....
 Sandblast                Erth           #.....       75%         1    ##.....
 Ensorcelled Hibernation  Hex/Ice        #.....       86%         2    ###....
 Passwall                 Tmut/Erth      #.......     86%         2    ###....
 Searing Ray              Conj           #.....       86%         2    ###....
 Shroud of Golubria       Chrm/Tloc      #.....       86%         2    ###....
 Song of Slaying          Chrm           #.......     86%         2    ###....
 Confusing Touch          Hex            #.......     98%         3    ####...
 Dazzling Flash           Conj/Hex       #.....       98%         3    ####...
 Gell's Gravitas          Tloc           #.........   98%         3    ####...
 Ozocubu's Armour         Chrm/Ice       #.......     98%         3    ####...
 Spectral Weapon          Hex/Chrm       #.......     98%         3    ####...
 Stone Arrow              Conj/Erth      #.....       98%         3    ####...
 Tukima's Dance           Hex            #.......     98%         3    ####...
 Fulminant Prism          Conj/Hex       #.........   100%        4    #####..
 Iskenderun's Mystic Bla  Conj/Tloc      #.......     100%        4    #####..
 Petrify                  Tmut/Erth      #.......     100%        4    #####..
 Lee's Rapid Deconstruct  Erth           #.........   100%        5    ######.
 Metabolic Englaciation   Hex/Ice        #.........   100%        5    ######.
 Yara's Violent Unravell  Hex/Tmut       #.........   100%        5    ######.


Dungeon Overview and Level Annotations

Branches:
Dungeon (13/15)            Temple (0/1) D:4            Lair (1/6) D:9
    Orc (0/2) D:10         Vaults (0/5) D:13

Altars:
Ashenzari
Cheibriados
Dithmenos
Elyvilon
Gozag
Hepliaklqana
Makhleb
Nemelex Xobeh
Okawaru
Qazlal
Ru
Trog
Wu Jian
Xom
Yredelemnul
The Shining One

Shops:
D:6 [   D:8 %

Annotations:
D:13 Sonja
Lair:1 exclusion: oklob plant


Innate Abilities, Weirdness & Mutations

You are resistant to damage.
You can heal yourself by infusing magical energy.
You passively map the area around you.
You do not regenerate.


Message History

The spiny frog is moderately wounded.
You block the spiny frog's attack.
You fail to use your ability.
The spiny frog stings you!
* * * LOW HITPOINT WARNING * * *
You are more poisoned.
The spiny frog poisons you!
You hit the spiny frog but do no damage.
The spiny frog is moderately wounded.
You feel sick. You block the spiny frog's attack.
You closely miss the spiny frog.
The spiny frog is moderately wounded.
You feel sick. The spiny frog closely misses you.
Press: ? - help, Shift-Dir - straight line, f - spiny frog
Aim: a spiny frog (moderately wounded)
The sticky flame hits the spiny frog but does no damage.
The spiny frog is moderately wounded.
The spiny frog is covered in liquid flames!
You feel sick.
The spiny frog burns!
You block the spiny frog's attack. The spiny frog stings you!
You die...

* * ### *
..###################.##
......F@................
, ,
.........###.####.#####.
, P#.......# ### ### ##[
#, ##......# #). #
#......# ## ##* ###.
#..,
#......#.##.##.####.#.
#..
#.....................
...#
#................#####
...# *, , .........#


You could see a spiny frog (burning).

Vanquished Creatures
  An ice dragon (D:12)
  A hydra (D:13)
  2 ugly things (D:13)
  2 cyclopes
  A manticore (D:12)
  2 gargoyles (D:13)
  A centaur zombie (D:10)
  A black mamba (Lair:1)
  4 trolls
  3 hippogriffs
  A shadow (D:13)
  Sigmund (D:2)
  A wyvern (D:10)
  A spriggan (D:7)
  14 yaks
  3 hungry ghosts
  5 vampire mosquitoes (D:13)
  2 soldier ants (D:13)
  4 orc warriors
  A porcupine (Lair:1)
  2 black bears
  2 ice beasts
  4 sky beasts
  2 eyes of draining (D:12)
  2 necrophages
  8 centaurs
  6 ogres
  3 crocodiles
  2 big kobolds
  7 bullfrogs
  A wyvern skeleton (D:13)
  2 scorpions
  5 wights (D:8)
  8 killer bees
  2 howler monkeys (D:6)
  An electric eel (Lair:1)
  6 crimson imps
  4 bullfrog zombies
  3 orc priests
  2 jellies
  2 centaur skeletons
  4 hounds
  10 orc wizards
  Ijyb (D:3)
  A gnoll shaman (D:5)
  Jessica (D:2)
  2 bullfrog skeletons
  5 iguanas
  6 worker ants
  A hound zombie (D:5)
  2 howler monkey zombies
  2 howler monkey skeletons
  A worker ant zombie (D:11)
  3 gnolls (D:5)
  13 adders
  A shadow imp (D:6)
  2 oozes
  2 adder zombies
  6 worms
  8 dart slugs
  4 leopard geckos
  42 orcs
  2 ball pythons
  4 giant cockroaches
  13 goblins
  11 hobgoblins
  8 jackals
  15 kobolds
  5 quokkas
  3 bats
  4 frilled lizards
  A giant cockroach zombie (D:6)
  A jackal zombie (D:6)
  2 leopard gecko skeletons
  A leopard gecko zombie (D:5)
  6 rats
318 creatures vanquished.

Vanquished Creatures (collateral kills)
  A skeletal warrior (D:13)
  A wraith (D:13)
2 creatures vanquished.

Vanquished Creatures (others)
  A fungus (Lair:1)
1 creature vanquished.

Grand Total: 321 creatures vanquished

Notes
Turn   | Place    | Note
-------+----------+-------------------------------------------
     0 | D:1      | Exodus22XD the Deep Dwarf Fighter began the quest for the
                  | Orb.
     0 | D:1      | Reached XP level 1. HP: 20/20 MP: 1/1
   237 | D:1      | Reached XP level 2. HP: 24/27 MP: 2/2
   360 | D:1      | You fall into a shaft and drop 1 floor!
   360 | D:2      | Found an iron altar of Okawaru.
   617 | D:2      | Reached XP level 3. HP: 28/34 MP: 3/3
   618 | D:2      | Noticed Jessica
   627 | D:2      | Killed Jessica
   627 | D:2      | Reached skill level 3 in Axes
   630 | D:2      | Reached XP level 4. HP: 19/42 MP: 4/4
   766 | D:2      | Noticed Sigmund
   770 | D:2      | Noticed an ice beast
   782 | D:2      | Killed Sigmund
   782 | D:2      | Reached skill level 4 in Axes
   782 | D:2      | Reached XP level 5. HP: 37/49 MP: 4/4
   791 | D:2      | Killed an ice beast
   791 | D:2      | Reached skill level 1 in Dodging
   791 | D:2      | Reached XP level 6. HP: 24/56 MP: 5/5
   801 | D:2      | Found a shimmering altar of Xom.
   961 | D:2      | Found a hazy altar of Hepliaklqana.
   962 | D:2      | Found a shadowy altar of Dithmenos.
   962 | D:2      | Noticed a shadow
  1258 | D:3      | Found an ornate altar of the Wu Jian Council.
  1281 | D:3      | Reached skill level 5 in Axes
  1333 | D:3      | Found a shimmering altar of Xom.
  1333 | D:3      | Found a burning altar of Makhleb.
  1339 | D:3      | Became a worshipper of Makhleb the Destroyer
  1747 | D:3      | Reached skill level 5 in Shields
  1805 | D:3      | Found a faded altar of an unknown god.
  2000 | D:3      | Reached XP level 7. HP: 32/62 MP: 5/5
  2008 | D:3      | Reached * piety under Makhleb
  2122 | D:3      | Noticed Ijyb
  2132 | D:3      | Killed Ijyb
  2132 | D:3      | Reached skill level 6 in Axes
  2561 | D:4      | Found a staircase to the Ecumenical Temple.
  2589 | D:4      | Found a basalt altar of Yredelemnul.
  2674 | D:4      | Found a shattered altar of Ashenzari.
  2811 | D:4      | Reached skill level 5 in Armour
  3001 | D:5      | Entered Level 5 of the Dungeon
  3034 | D:5      | Reached skill level 7 in Axes
  3034 | D:5      | Reached XP level 8. HP: 25/72 MP: 5/5
  3208 | D:5      | Reached ** piety under Makhleb
  3704 | D:5      | Reached skill level 1 in Invocations
  3935 | D:6      | Found Orriogash's Antique Armour Boutique.
  3955 | D:6      | Reached skill level 8 in Axes
  4103 | D:6      | Reached *** piety under Makhleb
  4105 | D:6      | Gained mutation: You passively map the area around you.
                  | [Deep Dwarf growth]
  4105 | D:6      | Reached XP level 9. HP: 79/79 MP: 8/8
  4885 | D:7      | Reached skill level 5 in Fighting
  4885 | D:7      | Reached skill level 9 in Axes
  4998 | D:7      | Found a glowing golden altar of the Shining One.
  5078 | D:7      | Found a white marble altar of Elyvilon.
  5098 | D:7      | Found a sacrificial altar of Ru.
  5170 | D:7      | Reached skill level 1 in Evocations
  5380 | D:8      | Found an opulent altar of Gozag.
  5468 | D:8      | Found Haek's Food Shoppe.
  5513 | D:8      | Reached **** piety under Makhleb
  5580 | D:8      | Found a stormy altar of Qazlal.
  5587 | D:8      | Found a sparkling altar of Nemelex Xobeh.
  5593 | D:8      | Found a shattered altar of Ashenzari.
  5984 | D:9      | Reached skill level 5 in Invocations
  6069 | D:9      | Reached XP level 10. HP: 30/88 MP: 10/10
  6093 | D:9      | Found a staircase to the Lair.
  6099 | D:9      | Found a snail-covered altar of Cheibriados.
  6213 | D:9      | Reached skill level 10 in Axes
  6711 | D:10     | Entered Level 10 of the Dungeon
  6719 | D:10     | Found a staircase to the Orcish Mines.
  6746 | D:10     | Found an iron altar of Okawaru.
  6848 | D:10     | Found a shimmering altar of Xom.
  6988 | D:10     | Reached skill level 5 in Evocations
  7091 | D:10     | Reached ***** piety under Makhleb
  7423 | D:11     | Found a hazy altar of Hepliaklqana.
  7523 | D:11     | Noticed a cyclops
  7543 | D:11     | Killed a cyclops
  7884 | D:12     | Reached XP level 11. HP: 50/97 MP: 12/12
  7930 | D:12     | Reached skill level 11 in Axes
  8154 | D:12     | Found a bloodstained altar of Trog.
  8432 | D:12     | Noticed an ice dragon
  8446 | D:12     | Killed an ice dragon
  8723 | D:13     | Noticed Sonja
  8831 | D:13     | Noticed a brown ugly thing
  8864 | D:13     | Killed a brown ugly thing
  8866 | D:13     | Noticed a six-headed hydra
  8926 | D:13     | Killed a six-headed hydra
  8926 | D:13     | Reached skill level 5 in Dodging
  9112 | D:13     | Noticed a purple ugly thing
  9120 | D:13     | Killed a purple ugly thing
  9131 | D:13     | Noticed a skeletal warrior
  9233 | D:13     | Killed a skeletal warrior
  9315 | D:13     | Found a gate to the Vaults.
  9315 | D:13     | Noticed an ironheart preserver
  9535 | Lair:1   | Entered Level 1 of the Lair of Beasts
  9550 | Lair:1   | Reached XP level 12. HP: 69/106 MP: 9/9
  9579 | Lair:1   | Reached skill level 12 in Axes
 10108 | Lair:1   | Slain by a spiny frog

Illustrated notes

Levels and vault maps discovered:
D:1:      onia_arrival_pyramid, layout_loops_ring
D:2:      layout_rooms, riverfiend_overflow_shadow_ancestor,
          lemuel_crystal_altar, minmay_crystal_room, tgw_xom, uniq_sigmund,
          uniq_jessica
D:3:      kennysheep_goblin_castle, layout_basic,
          grunt_temple_overflow_champion_of_chaos, lemuel_crystal_altar,
          first_ration, chequers_ecumenical_altar_twisty
D:4:      layout_rooms, yredelemnul_altar_generic,
          minmay_temple_entry_from_below_a, minmay_misc_feat_iff,
          lemuel_tele_altar
D:5:      cheibrodos_thug_alley, layout_loops_ring, dk_noncrumbling_3,
          kennysheep_generic_room_10
D:6:      layout_cave_pods, serial_shops, shop, minmay_fountain_box
D:7:      layout_loops_ring, nicolae_ru_the_path_less_chosen, kennysheep_mini,
          old_standard_altar, the_bakery
D:8:      layout_cave_pools, grunt_temple_overflow_open,
          nicolae_gozag_seed_capital, serial_shops, shop
D:9:      layout_gridville, slow_altar_1, lair_entry_dummy
D:10:     layout_basic, david_orc_2, basic_altar, okawaru_ov_weapons_minmay
D:11:     layout_rooms, basic_altar
D:12:     dragon1_lemuel, layout_rooms, basic_altar
D:13:     layout_basic, skrybe_vaults_entry_preservation, uniq_sonja
Lair:1:   minmay_lair_oklob_tunnel, layout_chaotic_city, serial_bayou_shore_a

Skill      XL: |  1  2  3  4  5  6  7  8  9 10 11 12 |
---------------+-------------------------------------+-----
Fighting       | 3 4 5 6 |  6.9
Axes           | 3 4 5 7 8 9 10 11 12 | 12.0
Shields        | 4 5 6 8 9 |  9.9
Armour         | 4 5 6 7 |  7.9
Dodging        | 1 2 3 4 5 |  5.5
Invocations    | 2 5 7 9 |  9.2
Evocations     | 3 5 7 8 |  8.1

Action                   |  1- 3 |  4- 6 |  7- 9 | 10-12 || total
-------------------------+-------+-------+-------+-------++-------
Melee: War axe           |    58 |   173 |   520 |   613 ||  1364
Invok: Lesser Servant of |       |       |       |     2 ||     2
       Major Destruction |       |       |       |     1 ||     1
 Abil: Heal Wounds       |       |     3 |     6 |    26 ||    35
Evoke: Wand              |       |       |       |     9 ||     9
  Use: Scroll            |       |       |    11 |     7 ||    18
       Potion            |       |       |       |     3 ||     3
 Stab: Distracted        |       |       |       |     1 ||     1
  Eat: Chunk             |       |     4 |    13 |    17 ||    34
       Ration            |       |       |     1 |       ||     1
Armor: Scale mail        |    29 |    82 |   104 |       ||   215
       Chain mail        |       |       |   107 |    20 ||   127
       Ring mail         |       |       |       |   190 ||   190
Dodge: Dodged            |    17 |    43 |   141 |   296 ||   497
Block: Kite shield       |    35 |   106 |   328 |   453 ||   922
